 Dungeon Crawl Stone Soup version 0.25-a0-294-gea9b1ad (webtiles) character file.

Game seed: 8022738212432717110, levelgen mode: deterministic

39 15 the Gusty (level 3, -5/20 HPs)
             Began as a Tengu Air Elementalist on Dec 18, 2019.
             Slain by a phantom (8 damage)
             ... on level 2 of the Dungeon.
             The game lasted 00:05:06 (1132 turns).

15 the Gusty (Tengu Air Elementalist)               Turns: 1132, Time: 00:05:07

Health: -5/20      AC:  3    Str:  8 (9)  XL:     3   Next: 47%
Magic:  1/16       EV: 13    Int: 14 (15) God:
Gold:   55         SH:  0    Dex: 13 (14) Spells: 0/6 levels left

rFire    . . .     SeeInvis .   h - +0 short sword
rCold    . . .     Gourm    .   (no shield)
rNeg     . . .     Faith    .   a - +1 robe
rPois    .         Spirit   .   (helmet restricted)
rElec    .         Reflect  .   (no cloak)
rCorr    .         Harm     .   (no gloves)
MR       .....                  (boots unavailable)
Stlth    ++........             (no amulet)
HPRegen  0.06/turn              e - ring of magical power
MPRegen  0.15/turn              (no ring)

@: very slightly contaminated
A: beak, talons 3
a: no special abilities


You were on level 2 of the Dungeon.
You were very hungry.

You visited 1 branch of the dungeon, and saw 2 of its levels.

You collected 55 gold pieces.

Inventory:

Hand Weapons
 h - a +0 short sword (weapon)
 k - a +0 mace
Missiles
 l - 45 stones (quivered)
Armour
 a - a +1 robe (worn)
Jewellery
 e - a ring of magical power (left hand)
Scrolls
 b - 3 scrolls of identify
 d - a scroll of remove curse {unknown}
Comestibles
 c - 6 rations


   Skills:
 + Level 0.3 Fighting
 + Level 0.1 Short Blades
 + Level 0.1 Maces & Flails
 + Level 2.4 Dodging
 + Level 2.1 Stealth
 + Level 2.4 Spellcasting
 + Level 2.3 Conjurations
 + Level 4.5 Air Magic


You couldn't memorise any spells.
You knew the following spells:

 Your Spells              Type           Power        Failure   Level  Hunger
a - Shock                 Conj/Air       ##..         5%          1    #......
b - Swiftness             Chrm/Air       #.......     14%         2    ###....
c - Static Discharge      Conj/Air       ##......     17%         3    ###....

Your spell library contained the following spells:

 Spells                   Type           Power        Failure   Level  Hunger
 Airstrike                Air            ##........   34%         4    #####..
 Lightning Bolt           Conj/Air       ##........   83%         5    ######.


Dungeon Overview and Level Annotations

Branches:
Dungeon (2/15)

Altars:


Innate Abilities, Weirdness & Mutations

You have a beak for a mouth.
You have claws for feet.


Message History

You hit the phantom but do no damage. You claw the phantom.
The phantom is almost destroyed.
You are feeling very hungry.
The phantom barely misses you.
You hit the phantom.
The phantom is almost destroyed.
The phantom hits you. x2
* * * LOW HITPOINT WARNING * * *
Casting: Shock (safe; 5% risk of failure)
Confirm with . or Enter, or press ? or * to list all spells.
Aiming: Shock (safe; 5% risk of failure)
Press: ? - help, Shift-Dir - straight line, f/p - phantom
Aim: a phantom (almost destroyed)
You miscast Shock.
Nothing appears to happen.
The phantom hits you.
* * * LOW HITPOINT WARNING * * *
You hit the phantom but do no damage.
The phantom is almost destroyed.
The phantom hits you!
You die...

#.......##...#
#........#...#######
#...................
########.#..........
#.'..........
#########..........
#.......#..........
#.......##.........
#....@W.'..........
#.......###........
#.....).# #........
#.......# #........
#.......# #########
######.###############
#..).............
#################


You could see a phantom.

Vanquished Creatures
  2 adders (D:2)
  A worm (D:2)
  3 goblins
  2 hobgoblins
  A ball python (D:1)
  4 bats (D:1)
  2 frilled lizards
  4 kobolds (D:1)
  2 rats
21 creatures vanquished.

Notes
Turn   | Place    | Note
-------+----------+-------------------------------------------
     0 | D:1      | 15 the Tengu Air Elementalist began the quest for the Orb.
     0 | D:1      | Reached XP level 1. HP: 10/10 MP: 4/4
   388 | D:1      | Reached XP level 2. HP: 14/15 MP: 6/6
   394 | D:1      | Learned a level 2 spell: Swiftness
   753 | D:2      | Reached XP level 3. HP: 17/19 MP: 7/7
   787 | D:2      | Learned a level 3 spell: Static Discharge
   883 | D:2      | Noticed a phantom
  1132 | D:2      | Slain by a phantom

Levels and vault maps discovered:
D:1:      tarquinn_simple_flora_water_e, layout_basic
D:2:      layout_basic, grunt_temple_overflow_gold_and_silver, first_ration

Skill      XL: |  1  2 |
---------------+-------+-----
Conjurations   | 2 |  2.3
Fighting       | |  0.3
Short Blades   | |  0.1
Maces & Flails | |  0.1
Dodging        | |  2.4
Stealth        | |  2.1
Spellcasting   | |  2.4
Air Magic      | |  4.5

Action                   || total
-------------------------++-------
Melee: Unarmed           ||     4
       Short sword       ||    20
       Mace              ||     5
       Peck              ||     5
       Kick              ||     5
 Cast: Shock             ||    50
       Static Discharge  ||     3
  Use: Potion            ||     2
       Scroll            ||     2
 Stab: Sleeping          ||     1
  Eat: Chunk             ||     1
Armor: Robe              ||    11
Dodge: Dodged            ||    26

Table legend:
 A = Non-vault XP
 B = Vault XP
 C = Vault XP percentage of total XP
 D = Non-vault monster count
 E = Vault monster count
 F = Vault count percentage of total count
                 A         B        C        D         E       F
            +---------+---------+-------+---------+---------+-------
      Total |      57 |       0 |   0.0 |      21 |       0 |   0.0
            +---------+---------+-------+---------+---------+-------
        D:1 |      19 |       0 |   0.0 |      14 |       0 |   0.0
        D:2 |      38 |       0 |   0.0 |       7 |       0 |   0.0
            +---------+---------+-------+---------+---------+-------
